 Dungeon Crawl Stone Soup version 0.17-a0-1572-g7a1422d (webtiles) character file.

178 mrath the Chopper (level 5, 0/46 HPs)
             Began as a Hill Orc Abyssal Knight on July 25, 2015.
             Was a Believer of Lugonu.
             Slain by a wight
             ... wielding a cursed +0 long sword
              (3 damage)
             ... on level 3 of the Dungeon.
             The game lasted 00:20:36 (3511 turns).

mrath the Chopper (Hill Orc Abyssal Knight)         Turns: 3511, Time: 00:20:36

Health: 0/46       AC:  9    Str: 19    XL:     5   Next: 58%
Magic:  8/8        EV:  7    Int: 12    God:    Lugonu [**....]
Gold:   140        SH:  0    Dex: 10    Spells: 0 memorised, 4 levels left

rFire  . . .     SeeInvis .     a - +1 hand axe
rCold  . . .     Clarity  .     u - +0 chain mail
rNeg   . . .     SustAt   .     (no shield)
rPois  .         Gourm    .     (no helmet)
rElec  .         Spirit   .     q - +0 cloak
rCorr  .         Warding  .     (no gloves)
rMut   .         Stasis   .     (no boots)
MR     .....                    (no amulet)
Stlth  ..........               x - ring of wizardry
                                m - +3 ring of strength

@: drained, not resistant to hostile enchantments, extremely unstealthy
A: no striking features
a: Depart the Abyss, Bend Space, Renounce Religion


You were on level 3 of the Dungeon.
You worshipped Lugonu.
Lugonu was pleased with you.
You were not hungry.

You visited 1 branch of the dungeon, and saw 3 of its levels.
You visited the Abyss 1 time.

You collected 140 gold pieces.

Inventory:

Hand weapons
 a - a +1 hand axe (weapon)
 p - a +0 hunting sling
 t - a +0 morningstar
Missiles
 b - 6 poisoned needles
 l - 81 stones
 o - 17 sling bullets
 s - 14 tomahawks (quivered)
Armour
 q - a +0 cloak (worn)
 u - a +0 chain mail (worn)
 y - a +2 hat
Jewellery
 m - a +3 ring of strength (left hand)
 x - a ring of wizardry (right hand)
Scrolls
 c - a scroll of noise {unknown}
 f - a scroll of identify {unknown}
 h - a scroll of immolation {unknown}
 i - a scroll of amnesia {unknown}
 j - a scroll of blinking {unknown}
 n - a scroll of remove curse {unknown}
Potions
 d - a potion of heal wounds {unknown}
 e - 3 potions of lignification {unknown}
 g - a potion of invisibility {unknown}
 v - a potion of degeneration {unknown}
 w - a potion of berserk rage {unknown}
 z - 5 potions of poison {unknown}
Books
 A - a book of Air

   Spells                             Type                      Level
   a - Shock                          Conjuration/Air              1
   b - Swiftness                      Charms/Air                   2
   c - Repel Missiles                 Charms/Air                   2
   d - Static Discharge               Conjuration/Air              3
   e - Lightning Bolt                 Conjuration/Air              5
Comestibles
 k - a bread ration
 r - a meat ration


   Skills:
 + Level 4.3(3.6) Fighting
 + Level 5.0(4.3) Axes
 + Level 3.1(2.4) Armour
 - Level 0.7(0.0) Dodging
 + Level 4.6(3.8) Invocations


You had 4 spell levels left.
You didn't know any spells.

Dungeon Overview and Level Annotations

Branches:
Dungeon (3/15)

Altars:


Message History

The wight completely misses you.
You hit the wight.
The wight is severely damaged.
The wight hits you with a dire flail.
* * * LOW HITPOINT WARNING * * *
You hit the wight.
The wight is almost destroyed.
The wight closely misses you.
You hit the wight but do no damage.
The wight is almost destroyed.
The wight barely misses you.
You hit the wight.
You destroy the wight!
Lugonu accepts your kill.
Your base Axes skill increases to level 5!
Your base Armour skill increases to level 3!
You hit the wight.
The wight is lightly damaged.
The wight hits you with a long sword.
You die...

####.#### #.......#
##.###.#.# #.##
##..# #.# #..# #.##
##..# ##.###.#.#
#########.......# #
#z.zzz@....>#####
....####.###########
..z.z.z†.#
###.######


You could see 4 wights.

Vanquished Creatures
  A wight (D:3)
  Terence (D:2)
  4 adders (D:3)
  An ooze (D:2)
  A worm (D:2)
  A giant gecko (D:3)
  2 orcs (D:3)
  3 ball pythons
  8 giant cockroaches
  7 goblins
  9 hobgoblins
  2 jackals (D:3)
  8 kobolds
  4 bats
  4 giant newts
  A quokka (D:3)
  7 rats
  A fungus (D:1)
65 creatures vanquished.

Notes
Turn   | Place    | Note
--------------------------------------------------------------
     0 | Abyss:1  | mrath the Hill Orc Abyssal Knight began the quest for the Orb.
     0 | Abyss:1  | Reached XP level 1. HP: 19/19 MP: 2/2
     0 | D:1      | Escaped the Abyss
   225 | D:1      | Reached XP level 2. HP: 26/26 MP: 4/4
   265 | D:1      | Acquired Lugonu's first power
   892 | D:1      | Reached XP level 3. HP: 31/31 MP: 5/5
  1334 | D:2      | Noticed Terence
  1491 | D:2      | Reached skill level 4 in Axes
  2031 | D:2      | Killed Terence
  2031 | D:2      | Reached XP level 4. HP: 20/40 MP: 7/7
  2936 | D:3      | Acquired Lugonu's second power
  3103 | D:3      | Reached XP level 5. HP: 46/46 MP: 8/8
  3507 | D:3      | HP: 2/46 [wight/dire flail (5)]
  3510 | D:3      | Reached skill level 5 in Axes
  3511 | D:3      | Slain by a wight

Vault maps used:
D:1:      minmay_arrival_jagged, minivault_11, minmay_gold_behind_fungi
D:2:      minivault_26, uniq_terence
D:3:      ecumenical_altar_1, minmay_bad_closet, minmay_misc_feat_room,
          kennysheep_generic_room_16

Action                   |  1- 3 |  4- 6 || total
-------------------------+-------+-------++-------
Melee: Hand axe          |   166 |    98 ||   264
Throw: Stone             |     4 |       ||     4
       Tomahawk          |       |     1 ||     1
Invok: Depart the Abyss  |     1 |       ||     1
  Eat: Chunk             |     1 |     3 ||     4
       Bread ration      |     1 |       ||     1
